 Dungeon Crawl Stone Soup version 0.29-a0-982-gaed3a0c8d8 (webtiles) character file.

Game seed: 8094006506140689641

4458 vurker the Summoner (level 10, 60/60 HPs)
             Began as a Tengu Summoner on Aug 1, 2022.
             Was a Believer of Sif Muna.
             Quit the game on level 8 of the Dungeon.
             The game lasted 00:24:33 (11213 turns).

vurker the Summoner (Tengu Summoner)               Turns: 11213, Time: 00:24:34

Health: 60/60      AC:  6    Str: 10    XL:     10   Next: 37%
Magic:  32/32      EV: 16    Int: 19    God:    Sif Muna [**....]
Gold:   512        SH:  0    Dex: 14    Spells: 19/25 levels left

rFire   . . .      SeeInvis .   k - +1 dagger (drain)
rCold   . . .      Faith    .   (no shield)
rNeg    . . .      Spirit   .   w - +1 robe {Will+}
rPois   +          Reflect  .   (helmet restricted)
rElec   .          Harm     .   q - +2 cloak
rCorr   .          Rampage  .   (no gloves)
Will    +....                   (boots unavailable)
Stlth   ++........              (no amulet)
HPRegen 0.20/turn               s - ring of poison resistance
MPRegen 0.23/turn               x - ring of magical power

@: flying quickly and evasively, quick
A: beak, talons 3, nimble flight
a: Renounce Religion, Channel Magic


You were on level 8 of the Dungeon.
You worshipped Sif Muna.
Sif Muna was pleased with you.
You visited 2 branches of the dungeon, and saw 9 of its levels.

You collected 512 gold pieces.

Inventory:

Hand Weapons
 k - a +1 dagger of draining (weapon)
   (You took it off an orc on level 4 of the Dungeon)
 r - the +6 falchion of Distant Worlds {freeze, Dex+4}
   (You found it on level 4 of the Dungeon)

   It freezes those it strikes, dealing additional cold damage.
   It can also slow down cold-blooded creatures.
   Dex:       It affects your dexterity (+4).
Armour
 q - a +2 cloak (worn)
   (You found it on level 4 of the Dungeon)
 w - a +1 robe of willpower (worn)
   (You took it off Blork the orc on level 5 of the Dungeon)
Jewellery
 p - a ring of protection from fire
   (You found it on level 3 of the Dungeon)
 s - a ring of poison resistance (left hand)
   (You found it on level 1 of the Dungeon)
 x - a ring of magical power (right hand)
   (You found it on level 5 of the Dungeon)
Wands
 a - a wand of mindburst (17)
   (You found it on level 8 of the Dungeon)
 d - a wand of iceblast (16)
   (You took it off Ijyb on level 5 of the Dungeon)
 i - a wand of polymorph (2)
   (You found it on level 4 of the Dungeon)
 t - a wand of flame (34)
   (You found it on level 3 of the Dungeon)
 u - a wand of quicksilver (2)
   (You found it on level 6 of the Dungeon)
Scrolls
 h - a scroll of poison
 m - a scroll of fog
 n - 3 scrolls of teleportation
 o - a scroll of silence
Potions
 b - 3 potions of magic
 c - a potion of haste
 e - a potion of cancellation
 f - 3 potions of lignification
 g - 2 potions of brilliance
 j - a potion of might
 l - 2 potions of invisibility
 v - 3 potions of curing


   Skills:
 + Level 5.9 Fighting
 + Level 4.5 Dodging
 - Level 2.0 Stealth
 * Level 8.1 Spellcasting
 * Level 11.3 Summonings
 + Level 4.1 Invocations


You had 19 spell levels left.
You knew the following spells:

 Your Spells              Type           Power      Damage    Failure   Level
a - Summon Small Mammal   Summ           100%       N/A       1%          1
b - Call Imp              Summ           50%        N/A       1%          2
c - Call Canine Familiar  Summ           50%        N/A       1%          3

Your spell library contained the following spells:

 Spells                   Type           Power      Damage    Failure   Level
 Summon Guardian Golem    Hex/Summ       29%        N/A       2%          3
 Shock                    Conj/Air       28%        1d4       9%          1
 Summon Lightning Spire   Summ/Air       29%        N/A       9%          4
 Conjure Flame            Conj/Fire      7%         6-21      26%         3
 Ignite Poison            Fire/Tmut/Pois 7%         N/A       26%         3
 Swiftness                Air            7%         N/A       26%         3
 Airstrike                Air            3%         0-2+      65%         4
 Sticky Flame             Conj/Fire      7%         2d3       65%         4


Dungeon Overview and Level Annotations

Branches:
Dungeon (8/15)             Temple (1/1) D:5            Lair (0/5) D:8

Altars:
Fedhas
Gozag
Nemelex Xobeh
Okawaru
Sif Muna
Trog
Uskayaw
Vehumet
Wu Jian
Xom
Zin

Annotations:
D:4 1 runed translucent door, Tonnatak's ghost, amateur BaFi
D:8 2 transporters, melvinkitnick's ghost, novice OgIE


Innate Abilities, Weirdness & Mutations

You have a beak for a mouth.
You have claws for feet.
Your magical nature lets you fly swiftly and evasively.


Message History

The acid corrodes you!
Unknown command.
What are your orders? t - Shout!
Orders for allies: a - Attack new target. p - Attack previous target. r - Retreat! s - Stop attacking. g - Guard the area. f - Follow me.
Anything else - Cancel.
Gang up on whom?
Aim: an acid dragon (blue smoke, almost dead, catching its breath, ally target) Attack!
Your shadow imp gestures at the acid dragon.
The acid dragon writhes in agony!
The acid dragon dies!
Sif Muna accepts your kill.
You are no longer corroded.
Your shadow imp disappears in a puff of smoke!
Your wolf disappears in a puff of smoke!
Found a stone staircase leading down.
You see here a +0 robe.
You see here a +0 war axe.
There is an open door here.
You now have 512 gold pieces (gained 8).
There is an open door here.
You see here a +0 war axe.
You reach down and open the door.
There is an open door here.
There is a stone staircase leading down here.
You reach down and open the door.
There is an open door here.
Key pressed, stopping explore.
The catoblepas bellows!
The wyvern hisses angrily.
You hear an angry growl.
Found a robe.
Found a glowing cloak.
You see here a +0 robe.
Found a lumpy purple potion.
Found 12 gold pieces and a runed hand axe.
Found a wand of flame (9).
Partly explored, unvisited transporter.
Partly explored, unvisited transporter.
Partly explored, unvisited transporter.
Partly explored, unvisited transporter.
Partly explored, unvisited transporter.
Partly explored, unvisited transporter.
The water moccasin hisses angrily.
There is a staircase to the Lair here.
There is an open door here.
There is a stone staircase leading down here.
Okay, then.
Unknown command.

.........♣...####...##...##......
..........P♣..###...##.(.########
.....P..).....+...........#......
......>.......#.....##...##......
.............♣#.....##...##......
........P.....########...##......
.....♣.......####...##...#####'##
.P...♣.........#.................
........♣......'@................
....P...♣......#.................
##........#######.####.####..##..
##...###..##.#########.####..##..
..................#.....#.....#..
..................'.....#.....#..
..................#.....#.....#..
..................#.....#.....'..
###...####...####.#######..####..


There were no monsters in sight!

Vanquished Creatures
  A yak (D:7)
  2 vampire mosquitoes (D:8)
  3 water moccasins (D:8)
  An orc warrior (D:8)
  A bullfrog (D:7)
  Blork the orc (D:5)
  A scorpion (D:6)
  A howler monkey (D:6)
  2 orc priests (D:6)
  2 adders
  A dart slug (D:1)
  5 orcs
  A ball python (D:4)
  An endoplasm (D:3)
  A quokka (D:3)
  A bat (D:1)
  A frilled lizard (D:2)
  A rat (D:2)
27 creatures vanquished.

Vanquished Creatures (collateral kills)
  2 wyverns (D:8)
  A vampire mosquito (D:8)
  A basilisk (D:8)
  4 yaks (D:8)
  2 water moccasins
  2 acid dragons (D:8)
  3 orc warriors
  A sky beast (D:7)
  A black bear (D:7)
  An ogre (D:6)
  A centaur (D:7)
  A phantom (D:5)
  A gnoll sergeant (D:7)
  3 bullfrogs
  3 scorpions
  A lava snake (D:7)
  A howler monkey (D:4)
  2 orc priests
  A hound (D:4)
  Ijyb (D:5)
  3 iguanas
  5 orc wizards
  3 gnolls (D:7)
  6 adders
  A shadow imp (D:8)
  A white imp (D:5)
  3 ufetubi
  A worm (D:2)
  2 dart slugs
  38 orcs
  4 endoplasms
  A giant cockroach (D:2)
  A goblin (D:3)
  4 hobgoblins
  4 kobolds
  2 quokkas
  6 ball pythons
  3 bats
  3 rats
124 creatures vanquished.

Vanquished Creatures (others)
  5 dream sheep (D:7)
  8 fungi (D:8)
  23 plants (D:8)
36 creatures vanquished.

Grand Total: 187 creatures vanquished

Notes
Turn   | Place    | Note
-------+----------+-------------------------------------------
     0 | D:1      | vurker the Tengu Summoner began the quest for the Orb.
     0 | D:1      | Reached XP level 1. HP: 10/10 MP: 4/4
   557 | D:1      | Reached skill level 5 in Summonings
   641 | D:1      | Reached XP level 2. HP: 6/16 MP: 3/6
   848 | D:1      | Learned a level 2 spell: Call Imp
  1741 | D:2      | Found a faded altar of an unknown god.
  1778 | D:2      | Reached XP level 3. HP: 20/20 MP: 4/7
  1989 | D:2      | Reached skill level 1 in Fighting
  1993 | D:2      | Learned a level 3 spell: Call Canine Familiar
  2624 | D:3      | Reached XP level 4. HP: 25/25 MP: 5/9
  2666 | D:3      | Found a radiant altar of Vehumet.
  2668 | D:3      | Found an ornate altar of the Wu Jian Council.
  3435 | D:4      | Reached skill level 6 in Summonings
  3658 | D:4      | Gained mutation: Your magical nature lets you fly swiftly
                  | and evasively. [Tengu growth]
  3658 | D:4      | Reached XP level 5. HP: 30/30 MP: 5/10
  3954 | D:4      | Found a runed translucent door.
  3954 | D:4      | Noticed Tonnatak's ghost (amateur BaFi)
  4368 | D:4      | Identified the +6 falchion of Distant Worlds {freeze,
                  | Dex+4}
  4450 | D:5      | Entered Level 5 of the Dungeon
  4476 | D:5      | Noticed an orc warrior
  4770 | D:5      | Reached XP level 6. HP: 35/35 MP: 6/12
  5129 | D:5      | Reached skill level 7 in Summonings
  5186 | D:5      | Killed an orc warrior
  5187 | D:5      | Reached XP level 7. HP: 36/40 MP: 2/14
  5395 | D:5      | Found an opulent altar of Gozag.
  5422 | D:5      | Noticed Ijyb
  5431 | D:5      | Killed Ijyb
  5694 | D:5      | Noticed Blork the orc
  5705 | D:5      | Killed Blork the orc
  5706 | D:5      | Reached skill level 5 in Spellcasting
  6168 | D:5      | Reached skill level 8 in Summonings
  6204 | D:5      | Found a staircase to the Ecumenical Temple.
  6222 | Temple   | Entered the Ecumenical Temple
  6228 | Temple   | Became a worshipper of Sif Muna the Loreminder
  6483 | D:6      | Found an iron altar of Okawaru.
  6494 | D:6      | Reached XP level 8. HP: 46/46 MP: 16/16
  6628 | D:6      | Reached skill level 1 in Invocations
  7413 | D:6      | Found a sparkling altar of Nemelex Xobeh.
  7779 | D:6      | Reached * piety under Sif Muna
  7901 | D:6      | Reached skill level 9 in Summonings
  8651 | D:7      | Reached XP level 9. HP: 52/52 MP: 19/19
  8815 | D:7      | Found a shimmering altar of Xom.
  9362 | D:7      | Found a glowing silver altar of Zin.
  9525 | D:8      | Reached skill level 5 in Fighting
  9525 | D:8      | Reached skill level 10 in Summonings
 10177 | D:8      | Reached XP level 10. HP: 43/59 MP: 22/22
 10184 | D:8      | Reached ** piety under Sif Muna
 10185 | D:8      | Reached skill level 11 in Summonings
 10580 | D:8      | Found a staircase to the Lair.
 10635 | D:8      | Found a transporter.
 10640 | D:8      | Found a transporter.
 10640 | D:8      | Noticed a catoblepas
 10642 | D:8      | Noticed melvinkitnick's ghost (novice OgIE)
 11152 | D:8      | Noticed a moth of wrath
 11213 | D:8      | Quit the game

Illustrated notes

Levels and vault maps discovered:
D:1:      lemuel_arrival_broad_hall, layout_loops_ring
D:2:      layout_loops_corners, shapermc_ecumenical_altar_notcrosses
D:3:      layout_loops_cross, nzn_wu_jian_contemplation,
          mainiacjoe_overflow_catwalk, serial_glass, glass_columns_a,
          glass_columns_b, glass_columns_a, glass_columns_b, glass_columns_c,
          glass_columns_b, glass_columns_c, glass_columns_c, feat_on_display,
          due_unseen_surprise
D:4:      layout_loops_ring, gammafunk_ghost_grave
D:5:      layout_layer_cave, kennysheep_little_box,
          minmay_temple_entry_statues_fountains, uniq_blork_the_orc, uniq_ijyb
D:6:      layout_basic, nemelex_diamond_rough_becter, okawaru_trees_2
D:7:      layout_loops_ring, kb_xom_exploding_sheep,
          mainiacjoe_overflow_alcove_4, grunt_decor_junction,
          kennysheep_generic_room_4
D:8:      layout_gridville, minmay_lair_entry_grove,
          gammafunk_ghost_berserking_beasts
Temple:   chequers_temple_sunken

Skill      XL: |  1  2  3  4  5  6  7  8  9 10 |
---------------+-------------------------------+-----
Summonings     | 5 6 7 8 9 10 11 | 11.3
Fighting       | 1 2 3 4 5 |  5.9
Spellcasting   | 3 4 5 6 7 8 |  8.1
Invocations    | 2 3 4 |  4.1
Dodging        | 4 |  4.5
Stealth        | |  2.0

Action                   |  1- 3 |  4- 6 |  7- 9 | 10-12 || total
-------------------------+-------+-------+-------+-------++-------
Melee: Unarmed           |    13 |     4 |       |       ||    17
       Kick              |     5 |     5 |    24 |     8 ||    42
       Peck              |     3 |     6 |    14 |     7 ||    30
       Dagger            |       |    22 |    73 |    23 ||   118
 Cast: Summon Small Mamm |    27 |     7 |    21 |     4 ||    59
       Call Imp          |    15 |    22 |    68 |     8 ||   113
       Call Canine Famil |     1 |    19 |    59 |     8 ||    87
Evoke: Wand              |       |       |     1 |       ||     1
  Use: Scroll            |       |    11 |     7 |       ||    18
 Stab: Distracted        |       |       |     2 |       ||     2
Armor: Robe              |     9 |     6 |    21 |     3 ||    39
Dodge: Dodged            |    23 |    38 |    74 |    29 ||   164

Table legend: (Time is in decaauts)
 A = Elapsed time spent in this place.
 B = Non-inter-level travel time spent in this place.
 C = Inter-level travel time spent in this place.
 D = Time resting spent in this place.
 E = Time spent auto-exploring this place.
 F = Levels seen in this place.
 G = Mean time per level.
                   A        B        C        D        E       F      G
               +--------+--------+--------+--------+--------+-----+--------+
         Total |  10882 |  10427 |    455 |    788 |   7841 |   9 | 1209.1 |
       Dungeon |  10871 |  10421 |    450 |    788 |   7841 |   8 | 1358.9 |
        Temple |     11 |      7 |      4 |      0 |      0 |   1 |   11.0 |
               +--------+--------+--------+--------+--------+-----+--------+

Top non-repeatable levels by time:
     D:5: 1856 daAuts
     D:7: 1615 daAuts
     D:1: 1414 daAuts
     D:8: 1411 daAuts
     D:4: 1349 daAuts
     D:6: 1255 daAuts
     D:2: 986 daAuts
     D:3: 981 daAuts
  Temple: 11 daAuts
